 Dungeon Crawl Stone Soup version 0.21.1-68-g103a7af (webtiles) character file.

28 meralisa the Insei (level 3, -3/31 HPs)
             Began as a Naga Transmuter on Aug 2, 2018.
             Slain by a goblin
             ... wielding a cursed -2 club
             ... led by Robin
              (4 damage)
             ... on level 2 of the Dungeon.
             The game lasted 00:03:32 (832 turns).

meralisa the Insei (Naga Transmuter)                 Turns: 832, Time: 00:03:33

Health: -3/31      AC:  2    Str: 12    XL:     3   Next: 12%
Magic:  2/6        EV: 10    Int: 13    God:
Gold:   42         SH:  0    Dex: 12    Spells: 0/6 levels left

rFire    . . .     SeeInvis +     - Unarmed
rCold    . . .     Gourm    .   (no shield)
rNeg     . . .     Faith    .   b - +0 robe
rPois    +         Spirit   .   (no helmet)
rElec    .         Reflect  .   (no cloak)
rCorr    .         Harm     .   (no gloves)
MR       .....                  (no barding)
Stlth    ++........             (no amulet)
HPRegen  0.10/turn              (no ring)
MPRegen  0.10/turn              (no ring)

@: very slightly contaminated, very slow
A: large, see invisible, deformed body, poison resistance, slowness 2, slow
metabolism 1, spit poison 1, AC +1
a: Spit Poison


You were on level 2 of the Dungeon.
You were not hungry.

You visited 1 branch of the dungeon, and saw 3 of its levels.

You collected 42 gold pieces.

Inventory:

Hand Weapons
 e - a +0 club
 g - a +2 hand axe of chopping
Missiles
 a - 29 arrows
 i - 22 bolts
Armour
 b - a +0 robe (worn)
Scrolls
 k - a scroll of remove curse {unknown}
 l - a scroll of magic mapping {unknown}
 m - 2 scrolls of identify {unknown}
Potions
 f - a potion of might {unknown}
 h - a potion of heal wounds {unknown}
 j - a potion of flight {unknown}
Books
 c - a book of Changes

   Spells                             Type                      Level
   a - Beastly Appendage              Transmutation                1
   b - Sticks to Snakes               Transmutation                2
   c - Spider Form                    Transmutation/Poison         3
   d - Ice Form                       Ice/Transmutation            4
   e - Blade Hands                    Transmutation                5
Comestibles
 d - 2 rations


   Skills:
 * Level 1.5 Fighting
 + Level 1.7 Dodging
 * Level 1.0 Stealth
 + Level 3.4 Unarmed Combat
 + Level 2.1 Spellcasting
 + Level 2.2 Transmutations


You couldn't memorise any spells.
You knew the following spells:

 Your Spells              Type           Power        Failure   Level  Hunger
a - Beastly Appendage     Tmut           #.....       10%         1    ##.....
b - Sticks to Snakes      Tmut           #.......     16%         2    ###....
c - Spider Form           Tmut/Pois      #.........   43%         3    ####...


Dungeon Overview and Level Annotations

Branches:
Dungeon (3/15)

Altars:

Annotations:
D:2 Robin


Innate Abilities, Weirdness & Mutations

You cannot wear boots.
Your serpentine skin is tough. (AC +1)
You have supernaturally acute eyesight. (SInv)
Armour fits poorly on your strangely shaped body.
Your system is resistant to poisons. (rPois)
You cover ground very slowly.
You have a slow metabolism.
You can spit poison.


Message History

There is an entrance to a sewer on this level.
Hurry and find it before the portal rusts away!
An adder, a kobold and 3 orcs come into view.
The adder hisses angrily.
Found 30 bolts and 12 gold pieces.
There is a stone staircase leading up here.
The orc shouts! x2; You hear a shout!
You hear an angry hiss.
The goblin hits you with an uncursed dagger.
The orc moves out of view.
The orc hits you from afar with a trident!
* * * LOW HITPOINT WARNING * * *
The orc hits you with a club.
* * * LOW HITPOINT WARNING * * *
You hear an angry hiss.
You climb upwards.
Level annotation: Robin Robin says, "We wiped out the hill dwarves - you're next!"
Robin throws the goblin at you!
* * * LOW HITPOINT WARNING * * *
The goblin hits you with a club.
You die...

.#... # g.
...#.# gg ...
. #g #.#.#
#.###.#.#
#.#..<..#
#.#g#.#####.##
#.#g#(gg......
#..g.g@g....##
###(#########
#.# #.# #.#
#.. ... ##. ..


You could see Robin and 5 goblins.

Vanquished Creatures
  2 dart slugs (D:1)
  3 bats (D:1)
  A giant cockroach (D:1)
  6 goblins (D:1)
  A hobgoblin (D:1)
  3 frilled lizards (D:1)
  3 kobolds (D:1)
  5 rats (D:1)
24 creatures vanquished.

Notes
Turn   | Place    | Note
-------+----------+-------------------------------------------
     0 | D:1      | meralisa the Naga Transmuter began the quest for the Orb.
     0 | D:1      | Reached XP level 1. HP: 18/18 MP: 3/3
    90 | D:1      | Reached XP level 2. HP: 25/25 MP: 5/5
    94 | D:1      | Learned a level 2 spell: Sticks to Snakes
   204 | D:1      | Reached skill level 1 in Stealth
   513 | D:1      | Reached XP level 3. HP: 31/31 MP: 6/6
   518 | D:1      | Learned a level 3 spell: Spider Form
   823 | D:2      | Noticed Robin
   832 | D:2      | HP: 1/31 [Robin/goblin (2)]
   832 | D:2      | Slain by a goblin

Skill      XL: |  1  2 |
---------------+-------+-----
Stealth        | 1 |  1.0
Fighting       | |  1.5
Dodging        | |  1.7
Unarmed Combat | |  3.4
Spellcasting   | |  2.1
Transmutations | |  2.2

Action                   || total
-------------------------++-------
Melee: Unarmed           ||    34
       Headbutt          ||     6
 Cast: Beastly Appendage ||     6
       Sticks to Snakes  ||     2
 Abil: Spit Poison       ||    19
  Eat: Chunk             ||     1
Armor: Robe              ||     8
Dodge: Dodged            ||    29
